 Dungeon Crawl Stone Soup version 0.19.0-2-gae57169 (webtiles) character file.

12119 dobroeutro the Fighter (level 11, 0/90 HPs)
             Began as a Demonspawn Gladiator on Nov 5, 2016.
             Slain by a yak (12 damage)
             ... on level 10 of the Dungeon.
             The game lasted 00:17:08 (11597 turns).

dobroeutro the Fighter (Demonspawn Gladiator)      Turns: 11597, Time: 00:17:08

Health: 0/90       AC:  8    Str: 21    XL:     11   Next: 58%
Magic:  11/11      EV: 17    Int: 12    God:
Gold:   514        SH:  0    Dex: 11    Spells: 0 memorised, 10 levels left

rFire  . . .     SeeInvis +     b - +0 lajatang (pain)
rCold  . . .     Gourm    +     H - +0 scale mail of Listlessness {rElec Str+3 Int+3 Dex-4}
rNeg   . . .     Faith    .     (shield currently unavailable)
rPois  .         Spirit   .     (helmet unavailable)
rElec  +         Reflect  .     (no cloak)
rCorr  .         Harm     .     (gloves unavailable)
MR     +....                    (no boots)
Stlth  ..........               o - amulet of the gourmand
                                K - +3 ring of evasion
                                E - ring of protection from magic

@: no status effects
A: antennae 3, claws 3, talons 1, spiny 2
a: no special abilities


You were on level 10 of the Dungeon.
You were very full.

You visited 1 branch of the dungeon, and saw 11 of its levels.

You collected 514 gold pieces.

Inventory:

Hand Weapons
 a - a +0 quarterstaff
 b - a +0 lajatang of pain (weapon)
Missiles
 d - 4 throwing nets (quivered)
Armour
 c - a +1 helmet
 t - a +0 scale mail
 v - +0 ice dragon scales
 H - the +0 scale mail of Listlessness (worn) {rElec Str+3 Int+3 Dex-4}
   (You found it on level 4 of the Dungeon)

   It affects your strength (+3).
   It affects your intelligence (+3).
   It affects your dexterity (-4).
   It insulates you from electricity.
 J - a +2 pair of gloves
 L - the +1 ring mail "Rideocam" {*Drain Str+2 Slay+3 Stlth+}
   (You found it on level 8 of the Dungeon)

   It affects your strength (+2).
   It affects your accuracy and damage with ranged weapons and melee attacks
   (+3).
   It causes draining when unequipped.
   It makes you more stealthy.
Jewellery
 o - an amulet of the gourmand (around neck)
 E - a ring of protection from magic (left claw)
 F - an uncursed ring of fire
 K - a +3 ring of evasion (right claw)
Wands
 n - a wand of slowing (32/48)
 y - a wand of iceblast (4/15)
 B - a wand of iceblast (7/15)
 C - a wand of slowing (17/48)
 P - a wand of polymorph (14/24)
Scrolls
 e - a scroll of teleportation
 h - 2 scrolls of blinking
 j - 4 scrolls of fog
 q - 3 scrolls of identify
 u - a scroll of enchant weapon {unknown}
 A - 3 scrolls of magic mapping
 M - a scroll of immolation {unknown}
 R - a scroll of enchant armour
Potions
 g - 3 potions of brilliance {unknown}
 k - 5 potions of flight
 l - 5 potions of curing
 p - a potion of lignification
 s - a potion of agility {unknown}
 w - 2 potions of invisibility {unknown}
 z - 3 potions of might {unknown}
 G - 2 potions of haste {unknown}
 I - a potion of cure mutation {unknown}
 O - a potion of degeneration {unknown}
Comestibles
 i - 6 meat rations
 m - 12 fruits
 x - 8 beef jerkies
 N - a slice of pizza
 Q - 10 royal jellies


   Skills:
 + Level 10.0 Fighting
 + Level 9.8 Staves
 - Level 1.7 Throwing
 + Level 7.9 Armour
 + Level 8.4 Dodging


You had 10 spell levels left.
You didn't know any spells.

Dungeon Overview and Level Annotations

Branches:
Dungeon (11/15)            Temple (0/1) D:4            Lair (0/6) D:9
    Orc: D:9-12

Altars:
Makhleb
Nemelex Xobeh
Qazlal
Uskayaw
Vehumet
Xom
Yredelemnul
Zin
The Shining One

Shops:
D:6 [


Innate Abilities, Weirdness & Mutations

You have a pair of large antennae on your head. (SInv)
You have claws for hands.
You have sharp toenails.
You are mostly covered in sharp spines.


Message History

The yak misses you.
The two-headed ogre hits you with a dire flail!
The two-headed ogre misses you. The yak gores you. The yak gores you!
* * * LOW HITPOINT WARNING * * *
Unknown command.
You are too injured to fight recklessly!
Unknown command.
Unknown command.
You are too injured to fight recklessly!
Unknown command.
The yak misses you. x2; The yak is struck by your spines.
The yak gores you but does no damage. The yak is struck by your spines.
The yak gores you!
* * * LOW HITPOINT WARNING * * *
The two-headed ogre is struck by your spines.
The two-headed ogre misses you.
The two-headed ogre hits you with a giant spiked club.
* * * LOW HITPOINT WARNING * * *
The yak gores you!
You die...

#..........# #............
##.)........# #............
............# #............
####<.......#########............
#.......>...>............#####
#..........†.†...........#
####..........YOY...######..#
......######....Y...# #..#
......# #....@...# #..# ......#
#........# #..# ##....#
#........# #..# #....# #........#
#..# #....# #........# #(.#
##....######........######..#
............................#
#############################


You could see 3 yaks and a two-headed ogre.

Vanquished Creatures
  Erolcha (D:11)
  A hill giant (D:10)
  Psyche (D:10)
  A troll (D:10)
  A queen bee (D:10)
  4 hippogriffs
  Sigmund (D:3)
  23 yaks
  A wyvern (D:8)
  A steam dragon (D:8)
  A hungry ghost (D:10)
  A water moccasin (D:10)
  2 ice beasts
  An eye of draining (D:10)
  2 black bears (D:10)
  5 orc warriors
  3 sky beasts
  4 ogres
  4 phantoms
  A centaur (D:6)
  7 bullfrogs
  2 big kobolds
  A wyvern zombie (D:9)
  4 wights (D:10)
  32 killer bees
  5 howler monkeys
  5 crimson imps
  A quasit (D:8)
  A centaur zombie (D:6)
  An iron imp (D:7)
  2 jellies
  A centaur skeleton (D:7)
  6 hounds
  An orc priest (D:7)
  2 bullfrog skeletons
  7 orc wizards
  5 worker ants
  An iguana (D:8)
  A howler monkey zombie (D:3)
  4 gnolls (D:5)
  12 adders
  A shadow imp (D:5)
  An ooze (D:4)
  An adder zombie (D:5)
  An adder skeleton (D:4)
  3 worms
  A dart slug (D:2)
  3 leopard geckos
  20 orcs
  5 bats
  5 giant cockroaches
  12 goblins
  7 hobgoblins
  16 jackals
  13 kobolds
  7 quokkas
  2 ball pythons
  4 frilled lizards
  A giant cockroach zombie (D:5)
  7 hobgoblin zombies (D:7)
  A kobold skeleton (D:7)
  A kobold zombie (D:7)
  A leopard gecko skeleton (D:4)
  An orc skeleton (D:7)
  A quokka skeleton (D:6)
  4 rats
  A spectral orc (D:2)
280 creatures vanquished.

Vanquished Creatures (others)
  An orc (D:8)
1 creature vanquished.

Grand Total: 281 creatures vanquished

Notes
Turn   | Place    | Note
-------+----------+-------------------------------------------
     0 | D:1      | dobroeutro the Demonspawn Gladiator began the quest for the Orb.
     0 | D:1      | Reached XP level 1. HP: 16/16 MP: 1/1
   558 | D:1      | Gained mutation: You are partially covered in sharp spines. [demonic ancestry]
   558 | D:1      | Reached XP level 2. HP: 20/22 MP: 2/2
   721 | D:2      | Found a faded altar of an unknown god.
  1039 | D:2      | Found a basalt altar of Yredelemnul.
  1122 | D:2      | Gained mutation: You have sharp fingernails. [demonic ancestry]
  1122 | D:2      | Reached XP level 3. HP: 28/28 MP: 3/3
  1377 | D:2      | Reached skill level 3 in Fighting
  1594 | D:2      | Found a hide-covered altar of Uskayaw.
  1744 | D:3      | Gained mutation: You are mostly covered in sharp spines. [demonic ancestry]
  1744 | D:3      | Reached XP level 4. HP: 35/35 MP: 4/4
  1878 | D:3      | Noticed a big kobold
  1892 | D:3      | Killed a big kobold
  1892 | D:3      | Gained mutation: You have a pair of small antennae on your head. [demonic ancestry]
  1892 | D:3      | Reached XP level 5. HP: 32/41 MP: 5/5
  1988 | D:3      | Noticed Sigmund
  1999 | D:3      | Killed Sigmund
  1999 | D:3      | Reached skill level 4 in Fighting
  1999 | D:3      | Reached skill level 5 in Staves
  1999 | D:3      | Gained mutation: You have very sharp fingernails. [demonic ancestry]
  1999 | D:3      | Reached XP level 6. HP: 41/48 MP: 6/6
  2611 | D:4      | Reached skill level 1 in Armour
  2611 | D:4      | Gained mutation: You have a pair of antennae on your head. [demonic ancestry]
  2611 | D:4      | Reached XP level 7. HP: 38/55 MP: 7/7
  2654 | D:4      | Found a shimmering altar of Xom.
  2682 | D:4      | Found a staircase to the Ecumenical Temple.
  2778 | D:4      | You fall through a shaft for 3 floors!
  2778 | D:7      | Found a stormy altar of Qazlal.
  2808 | D:7      | Found a glowing golden altar of the Shining One.
  3166 | D:7      | Found a sparkling altar of Nemelex Xobeh.
  3304 | D:6      | Found Kept's Armour Emporium.
  3424 | D:6      | Reached skill level 5 in Fighting
  3789 | D:6      | Reached XP level 8. HP: 38/62 MP: 8/8
  3792 | D:5      | Entered Level 5 of the Dungeon
  4135 | D:4      | Got a shimmering scale mail
  4146 | D:4      | Identified the cursed +0 scale mail of Listlessness {rElec Str+3 Int+3 Dex-4} (You found it on level 4 of the Dungeon)
  5253 | D:5      | Reached skill level 6 in Fighting
  5630 | D:6      | Reached skill level 5 in Dodging
  5833 | D:6      | Gained mutation: You have a pair of large antennae on your head. (SInv) [demonic ancestry]
  5833 | D:6      | Reached XP level 9. HP: 71/71 MP: 9/9
  5993 | D:6      | Found a radiant altar of Vehumet.
  5993 | D:6      | Found a glowing silver altar of Zin.
  6192 | D:7      | Identified a scroll of acquirement
  6618 | D:7      | Reached skill level 7 in Fighting
  6811 | D:7      | Reached skill level 5 in Armour
  6918 | D:8      | Got a bronze ring mail
  7308 | D:8      | Identified the +1 ring mail "Rideocam" {*Drain Str+2 Slay+3 Stlth+} (You found it on level 8 of the Dungeon)
  7370 | D:8      | Gained mutation: You have claws for hands. [demonic ancestry]
  7370 | D:8      | Reached XP level 10. HP: 68/80 MP: 10/10
  7693 | D:9      | Reached skill level 8 in Fighting
  8083 | D:9      | Found a staircase to the Lair.
  8845 | D:10     | Entered Level 10 of the Dungeon
  9192 | D:10     | Noticed Psyche
  9203 | D:10     | Killed Psyche
  9203 | D:10     | Reached skill level 9 in Fighting
  9618 | D:10     | Gained mutation: You have sharp toenails. [demonic ancestry]
  9618 | D:10     | Reached XP level 11. HP: 49/89 MP: 11/11
 11012 | D:10     | Noticed a hill giant
 11019 | D:10     | Killed a hill giant
 11408 | D:11     | Found a burning altar of Makhleb.
 11409 | D:11     | Noticed Erolcha
 11418 | D:11     | Killed Erolcha
 11497 | D:10     | Reached skill level 10 in Fighting
 11597 | D:10     | Slain by a yak

Skill      XL: |  1  2  3  4  5  6  7  8  9 10 11 |
---------------+----------------------------------+-----
Staves         | 3 4 5 6 7 8 9 |  9.8
Fighting       | 3 4 5 6 7 9 10 | 10.0
Armour         | 1 2 4 5 7 |  7.9
Dodging        | 3 5 6 7 8 |  8.4
Throwing       | |  1.7

Action                   |  1- 3 |  4- 6 |  7- 9 | 10-12 || total
-------------------------+-------+-------+-------+-------++-------
Melee: Quarterstaff      |   107 |    75 |   219 |       ||   401
       Lajatang          |       |       |   109 |   276 ||   385
       Kick              |       |       |       |    26 ||    26
  Use: Scroll            |     6 |       |    11 |     3 ||    20
       Potion            |       |       |       |     1 ||     1
  Eat: Chunk             |     2 |     4 |    23 |    20 ||    49
Armor: Leather armour    |    36 |       |       |       ||    36
       Scale mail        |     4 |    20 |   119 |    40 ||   183
       Skin              |       |       |       |    23 ||    23
Dodge: Dodged            |    51 |    37 |   198 |   221 ||   507
